 Dungeon Crawl Stone Soup version 0.31-a0-198-g2ad674f65e (webtiles) character file.

Game seed: 7339869680410790020

3531010 Pohedonas the Axe Maniac (level 27, 273/273 HPs)
             Began as a Minotaur Fighter on June 14, 2023.
             Was the Champion of Okawaru.
             Escaped with the Orb
             ... and 5 runes on June 25, 2023!
             The game lasted 03:00:34 (62182 turns).

Pohedonas the Axe Maniac (Minotaur Fighter)        Turns: 62182, Time: 03:00:34

Health: 273/273    AC: 45    Str: 29    XL:     27
Magic:  30/30      EV: 20    Int:  4    God:    Okawaru [******]
Gold:   8851       SH: 23    Dex: 14    Spells: 50/50 levels left

rFire   + + +        a - +9 war axe (spect)
rCold   + + .        E - +5 kite shield {rF+}
rNeg    . . .        d - +13 plate armour "Gavyxod" {rElec rF+}
rPois   +            o - +0 mask of the Dragon {Will+ Slay+3 SInv}
rElec   +            v - +2 cloak {Will+}
rCorr   +            U - +2 pair of gloves of Omocyidgh {rC+ Will+}
SInv    +            M - +0 pair of boots of Amorality {rElec}
Will    +++++        X - amulet of regeneration Stlth
                     A - ring "Fotafo" {Wiz Int+3 Slay+5}
HPRegen 3.05/turn    i - +4 ring of slaying
MPRegen 0.22/turn

%: wizardry (x1)
@: mighty, brilliant, resistant, enlightened, flying, hasted, studying 2 skills,
invisible, very quick
A: horns 2, retaliatory headbutt, clumsy 1, deterioration 1, dopey 2, low MP 2,
mutation resistance 1, regeneration 2
0: Orb of Zot
}: 5/15 runes: barnacled, slimy, silver, abyssal, gossamer
a: Renounce Religion, Heroism, Finesse, Duel


You escaped.
You worshipped Okawaru.
Okawaru was exalted by your worship.
You visited 13 branches of the dungeon, and saw 57 of its levels.
You visited the Abyss 1 time.
You visited 1 ziggurat, and saw 12 of its levels.
You also visited: Trove, Sewer, Ossuary and Ice Cave.

You collected 10396 gold pieces.
You spent 1545 gold pieces at shops.

Inventory:

Hand Weapons
 a - a +9 spectral war axe (weapon)
 P - a +9 broad axe of electrocution
Missiles
 j - 4 throwing nets
Armour
 d - the +13 plate armour "Gavyxod" (worn) {rElec rF+}
   (You found it on level 7 of the Dungeon)

   rF:        It protects you from fire.
   rElec:     It insulates you from electricity.
 o - the +0 mask of the Dragon (worn) {Will+ Slay+3 SInv}
   (You found it in a treasure trove)

   Slay:      It affects your accuracy & damage with ranged weapons and melee
   (+3).
   SInv:      It lets you see invisible.
   Will:      It increases your willpower.
 u - the +5 hat of the Nine Underlurkers {rCorr}
   (You found it on level 3 of the Elven Halls)

   rCorr:     It protects you from acid and corrosion.
 v - a +2 cloak of willpower (worn)
 w - a +0 pair of boots of flying
 z - the +2 hood of the Assassin {Detect Stab+ Stlth++}
   (Okawaru gifted it to you on level 11 of a ziggurat)

   Detect:    It allows the wearer to sense nearby creatures.
   Stab+:     It allows the wearer to make particularly effective stabbing
   attacks against helpless or unaware enemies with any weapon.
   Stlth:     It makes you much more stealthy.
 E - a +5 kite shield of fire resistance (worn)
 M - the +0 pair of boots of Amorality (worn) {rElec}
   (You found it in an ice cave)

   rElec:     It insulates you from electricity.
 U - the +2 pair of gloves of Omocyidgh (worn) {rC+ Will+}
   (Okawaru gifted it to you on level 5 of the Lair of Beasts)

   rC:        It protects you from cold.
   Will:      It increases your willpower.
Jewellery
 c - a ring of flight
 i - a +4 ring of slaying (right hand)
 x - the ring "Emyufuet" {AC+4 Slay+3}
   (You found it on level 7 of the Dungeon)

   [ring of protection]

   AC:        It affects your AC (+4).
   Slay:      It affects your accuracy & damage with ranged weapons and melee
   (+3).
 A - the ring "Fotafo" (left hand) {Wiz Int+3 Slay+5}
   (You found it on level 2 of the Vaults)

   [ring of wizardry]

   It improves your spell success rate.
   Int:       It affects your intelligence (+3).
   Slay:      It affects your accuracy & damage with ranged weapons and melee
   (+5).
 C - the ring "Gymuc" {Contam rF+++ Str+3 Int+6 Dex+6}
   (You found it on level 11 of a ziggurat)

   [ring of dexterity]

   Str:       It affects your strength (+3).
   Int:       It affects your intelligence (+6).
   Dex:       It affects your dexterity (+6).
   rF:        It renders you almost immune to fire.
   Contam:    It causes magical contamination when unequipped.
 K - the ring of Tiz Ihy {rPois rF+ rCorr Str+3}
   (You found it on level 2 of the Crypt)

   [ring of poison resistance]

   Str:       It affects your strength (+3).
   rF:        It protects you from fire.
   rPois:     It protects you from poison.
   rCorr:     It protects you from acid and corrosion.
 W - the amulet "Yngainy" {rElec rC+ Regen+ Str-4}
   (You found it on level 12 of a ziggurat)

   [amulet of regeneration]

   Str:       It affects your strength (-4).
   rC:        It protects you from cold.
   rElec:     It insulates you from electricity.
   Regen:     It increases your rate of health regeneration.
 X - an amulet of regeneration (around neck)
Wands
 p - a wand of acid (16)
 D - a wand of iceblast (74)
 L - a wand of digging (27)
Scrolls
 l - a scroll of brand weapon
 m - 26 scrolls of teleportation
 q - 4 scrolls of fog
 y - 10 scrolls of blinking
 B - 8 scrolls of revelation
 N - 5 scrolls of silence
 Q - 8 scrolls of fear
 T - 19 scrolls of immolation
 V - 4 scrolls of enchant armour
Potions
 b - 17 potions of curing
 f - 10 potions of ambrosia
 g - 9 potions of magic
 h - 23 potions of heal wounds
 k - 13 potions of enlightenment
 n - 12 potions of cancellation
 r - 7 potions of brilliance
 s - 3 potions of invisibility
 t - 7 potions of lignification
 F - 3 potions of might
 G - 10 potions of haste
 I - 2 potions of resistance
 J - 13 potions of mutation
 O - a potion of berserk rage
 R - 9 potions of attraction
Miscellaneous
 e - a condenser vane


   Skills:
 O Level 27 Fighting
 O Level 27 Axes
 O Level 27 Armour
 O Level 27 Dodging
 O Level 27 Shields
 + Level 12.4 Spellcasting
 - Level 6.0 Invocations


You had 50 spell levels left.
You didn't know any spells.
Your spell library contained the following spells:

 Spells                   Type           Power      Damage    Failure   Level
 Apportation              Tloc           6%         N/A       17%         1
 Beastly Appendage        Tmut           6%         N/A       17%         1
 Foxfire                  Conj/Fire      12%        2x1d4     17%         1
 Freeze                   Ice            12%        1d3       17%         1
 Magic Dart               Conj           12%        1d3       17%         1
 Necrotise                Necr           12%        1d4       17%         1
 Shock                    Conj/Air       12%        1d3       17%         1
 Slow                     Hex            12%        N/A       17%         1
 Sting                    Tmut/Pois      12%        1d3       17%         1
 Blink                    Tloc           6%         N/A       26%         2
 Cigotuvi's Dreadful Rot  Necr/Pois/Air  6%         N/A       26%         2
 Ensorcelled Hibernation  Hex/Ice        6%         N/A       26%         2
 Lesser Beckoning         Tloc           6%         N/A       26%         2
 Momentum Strike          Conj/Tloc      6%         3d8       26%         2
 Poisonous Vapours        Pois/Air       6%         N/A       26%         2
 Scorch                   Fire           6%         2d5       26%         2
 Searing Ray              Conj           6%         2d4       26%         2
 Static Discharge         Conj/Air       6%         2-3/arc   26%         2
 Confusing Touch          Hex            3%         N/A       45%         3
 Dazzling Flash           Conj/Hex       6%         N/A       45%         3
 Frozen Ramparts          Ice            6%         1d1       45%         3
 Gell's Gravitas          Tloc           3%         N/A       45%         3
 Hailstorm                Conj/Ice       3%         3d3       45%         3
 Ignite Poison            Fire/Tmut/Pois 3%         N/A       45%         3
 Inner Flame              Hex/Fire       3%         N/A       45%         3
 Mephitic Cloud           Conj/Pois/Air  3%         N/A       45%         3
 Ozocubu's Armour         Ice            3%         N/A       45%         3
 Stone Arrow              Conj/Erth      6%         3d7       45%         3
 Swiftness                Air            3%         N/A       45%         3
 Teleport Other           Tloc           3%         N/A       45%         3
 Vampiric Draining        Necr           3%         2d6       45%         3
 Vhi's Electric Charge    Tloc/Air       6%         N/A       45%         3
 Volatile Blastmotes      Fire/Tloc      6%         2d10      45%         3
 Airstrike                Air            1%         2d(1-17)  85%         4
 Dispel Undead            Necr           3%         3d7       85%         4
 Flame Wave               Conj/Fire      3%         2d5       85%         4
 Fulminant Prism          Conj/Hex       1%         3d5       85%         4
 Ice Form                 Ice/Tmut       3%         N/A       85%         4
 Iskenderun's Mystic Bla  Conj/Tloc      3%         2d3       85%         4
 Leda's Liquefaction      Hex/Erth       1%         N/A       85%         4
 Manifold Assault         Tloc           3%         N/A       85%         4
 Passage of Golubria      Tloc           3%         N/A       85%         4
 Sticky Flame             Conj/Fire      3%         2d3       85%         4
 Agony                    Necr           3%         N/A       99%         5
 Alistair's Intoxication  Tmut/Pois      2%         N/A       99%         5
 Blade Hands              Tmut           1%         N/A       99%         5
 Fireball                 Conj/Fire      1%         3d3       99%         5
 Freezing Cloud           Conj/Ice/Air   1%         6-21      99%         5
 Irradiate                Conj/Tmut      1%         3d12      99%         5
 Iskenderun's Battlesphe  Conj           3%         2d6       99%         5
 Lee's Rapid Deconstruct  Erth           1%         3d4*      99%         5
 Metabolic Englaciation   Hex/Ice        1%         N/A       99%         5
 Silence                  Hex/Air        1%         N/A       99%         5
 Yara's Violent Unravell  Hex/Tmut       1%         3d3       99%         5
 Conjure Ball Lightning   Conj/Air       1%         3x3d6     100%        6
 Dispersal                Tloc           1%         N/A       100%        6
 Leda's Unmaking          Conj/Erth      1%         9d1       100%        6
 Plasma Beam              Fire/Air       1%         2x1d11    100%        6
 Starburst                Conj/Fire      1%         6d3       100%        6
 Statue Form              Tmut/Erth      2%         N/A       100%        6
 Dragon Form              Tmut           1%         N/A       100%        7
 Enfeeble                 Hex            1%         N/A       100%        7
 Orb of Destruction       Conj           1%         9d5       100%        7
 Ozocubu's Refrigeration  Ice            1%         4d7       100%        7
 Storm Form               Tmut/Air       1%         N/A       100%        7
 Borgnjor's Revivificati  Necr           1%         N/A       100%        8
 Ignition                 Fire           1%         3d3       100%        8
 Lehudib's Crystal Spear  Conj/Erth      1%         10d2      100%        8
 Maxwell's Capacitive Co  Air            1%         ∞         100%        8
 Necromutation            Tmut/Necr      1%         N/A       100%        8
 Chain Lightning          Conj/Air       1%         3d2       100%        9
 Death's Door             Necr           1%         N/A       100%        9
 Polar Vortex             Ice            1%         N/A       100%        9
 Summon Small Mammal      Summ           Unusable   N/A       N/A         1
 Call Imp                 Summ           Unusable   N/A       N/A         2
 Tukima's Dance           Hex            Unusable   N/A       N/A         3
 Animate Armour           Summ/Erth      Unusable   N/A       N/A         4
 Summon Ice Beast         Ice/Summ       Unusable   N/A       N/A         4
 Summon Lightning Spire   Summ/Air       Unusable   N/A       N/A         4
 Death Channel            Necr           Unusable   N/A       N/A         6
 Simulacrum               Ice/Necr       Unusable   N/A       N/A         6
 Summon Cactus Giant      Summ           Unusable   N/A       N/A         6
 Malign Gateway           Summ/Tloc      Unusable   N/A       N/A         7

Dungeon Overview and Level Annotations

Branches:
Dungeon (15/15)            Temple (1/1) D:4            Lair (5/5) D:11
 Shoals (4/4) Lair:3       Spider (4/4) Lair:2        Slime (5/5) Lair:4
    Orc (2/2) D:9             Elf (3/3) Orc:2        Vaults (5/5) D:13
  Crypt (3/3) Vaults:3       Tomb (0/3) Crypt:3      Depths (4/4) D:15
   Hell (visited)             Dis (0/7) Hell            Geh (0/7) Hell
    Coc (0/7) Hell            Tar (0/7) Hell            Zot (5/5) Depths:4
  Sewer (visited)         Ossuary (visited)           IceCv (visited)

Altars:
Ashenzari
Cheibriados
Dithmenos
Elyvilon
Fedhas
Hepliaklqana
Kikubaaqudgha
Makhleb
Okawaru
Sif Muna
Trog
Uskayaw
Vehumet
Wu Jian
Zin
The Shining One
Jiyva
Lugonu

Shops:
Orc:1 *   Orc:2 ***(   Elf:2 =   Elf:3 *   Shoals:1 =   Shoals:3 (   Vaults:3 =

Portals:
Hell: Depths:1 Depths:2 Depths:3 Depths:4
Abyss: Lair:5 Depths:1 Depths:3
Pandemonium: Depths:2

Annotations:
Shoals:2 exclusion: 2 oklob plants
Elf:2 3 runed translucent doors
Zot:3 6 transporters


Innate Abilities, Weirdness & Mutations

You have a pair of horns on your head.
You reflexively headbutt those who attack you in melee.
You are clumsy. (Dex -2)
Your body sometimes deteriorates upon taking damage.
You are very dopey. (Int -4)
Your magical capacity is very low. (-20% MP)
You are somewhat resistant to further mutation.
You heal very quickly.


Message History

You fade into invisibility!
You feel very mighty all of a sudden.
Unknown command.
Unknown command.
You feel yourself speed up.
The hellephant is engulfed in a cloud of scalding steam.
Unknown command.
Unknown command.
You feel protected.
You barely miss the hellephant. You headbutt the hellephant!
The hellephant is lightly wounded.
Your +9 spectral war axe barely misses the hellephant.
You block the hellephant's attack. The hellephant misses you.
The hellephant closely misses you.
You slice the hellephant!! You headbutt the hellephant!
The hellephant is moderately wounded.
Your +9 spectral war axe hits the hellephant!!
Unknown command.
You slash the hellephant! You headbutt the hellephant.
The hellephant is severely wounded.
Your +9 spectral war axe hits the hellephant!
You block the hellephant's attack.
The hellephant bites you but does no damage.
You block the hellephant's attack.
Unknown command.
Unknown command.
You slice the hellephant!! You headbutt the hellephant!
You kill the hellephant!
Okawaru accepts your kill.
Your +9 spectral war axe disappears.
Unknown command.
Unknown command.
Unknown command.
Unknown command.
Unknown command.
Unknown command.
Unknown command.
There is a staircase leading out of the dungeon, spattered with blood here.
You see here a hellephant corpse.
You have escaped!

#................#..
#.###..##......#....
##.#.#.#.#...#....##.
#.#.#.#.#..#.#...##..
##.#.#.#.#.#.#...##..
#.#.#.#.#..#.....##..
##.≈≈≈≈~.#.###....... #######
###.#≈...~#............ #.....#
#.)#.≈@..~.#.##..#####.
#.....####.#.#≈...~#............
#...........#.≈≈≈≈~.#.....######
#.....####.#.#.#.#.#...##.#.....
#.....# #.##.#.#.#.##.##.#.####
###.### #.#.#.#.#.#........# #
#.# #.##.#.#.#.##.##.### # #.#
#.###.#####.#.##.# # #.#
#.##...## #.#.##.#


There were no monsters in sight!

Vanquished Creatures
  the Royal Jelly (Slime:5)
  A seraph (Zot:5)
  2 pandemonium lords
  5 dread liches
  Mara (Shoals:3)
  6 orbs of fire
  9 ancient liches
  3 juggernauts
  Bai Suzhen (Crypt:3)
  Saint Roka (Vaults:4)
  4 Killer Klowns (Zot:5)
  4 curse toes
  A golden dragon (shapeshifter) (Depths:3)
  2 caustic shrikes (Zig:9)
  Geryon (Hell)
  Jory (Depths:4)
  16 golden dragons
  A Tzitzimitl (D:5)
  7 bone dragons
  7 electric golems
  2 hellephants
  2 Brimstone Fiends (Zig:6)
  Jorgrun (Orc:1)
  29 tentacled monstrosities
  Mlioglotl (Shoals:3)
  29 Orb Guardians
  8 liches
  7 titans
  7 quicksilver dragons
  2 searing wretches (Zig:6)
  2 deep elf master archers (Elf:3)
  3 deep elf blademasters
  12 acid blobs
  7 sphinxes
  An Executioner (D:7)
  Kirke (Lair:3)
  24 tentacled starspawn
  7 death cobs
  5 ancient champions
  10 tengu reavers
  Roxanne (Elf:1)
  7 draconian monks
  A storm dragon (shapeshifter) (Depths:3)
  A daeva (Zot:5)
  13 storm dragons
  A rockslime (shapeshifter) (Depths:3)
  12 shadow dragons
  9 rockslimes
  10 fire giants
  9 azure jellies
  3 draconian knights
  Ilsuiw (Shoals:3)
  5 revenants
  Louise (D:14)
  4 emperor scorpions
  13 vault wardens
  2 draconian scorchers
  6 frost giants
  7 deep elf sorcerers
  5 draconian stormcallers
  14 ghost moths
  9 draconian shifters
  2 cacodemons
  A caustic shrike zombie (Abyss:3)
  4 balrugs
  2 curse skulls
  2 formless jellyfish (Vaults:4)
  2 angels
  10 draconian annihilators
  3 orc warlords
  A demonspawn corrupter (D:1)
  7 deep elf elementalists
  16 ironbound preservers
  8 quicksilver oozes
  6 reapers
  4 war gargoyles
  3 broodmothers
  7 ironbound thunderhulks
  23 very ugly things
  A caustic shrike skeleton (Crypt:2)
  15 stone giants
  The ghost of pornopis the Warrior, a journeyman BaHu (D:14)
  11 deep elf demonologists
  5 vampire knights
  15 green draconians
  14 black draconians
  A demonspawn black sun (D:1)
  An eleionoma (Zig:12)
  A halazid warlock (Hell)
  2 putrid mouths (Hell)
  9 deep elf annihilators
  8 lorocyprocas
  8 dire elephants
  11 purple draconians
  A bunyip (Zig:12)
  21 spark wasps
  17 red draconians
  9 yellow draconians
  9 white draconians
  Snorg (Lair:4)
  9 deep elf death magi
  4 eidola
  9 merfolk impalers
  2 blizzard demons
  3 shambling mangroves
  11 deep elf high priests
  17 ettins
  2 green deaths
  3 jiangshi (Crypt:3)
  13 yaktaur captains
  Josephine (D:10)
  9 rakshasas
  2 crystal guardians
  9 fire dragons
  7 merfolk javelineers
  10 entropy weavers
  8 great orbs of eyes
  A hell beast (D:15)
  Fannar (Lair:1)
  4 hydras
  Erolcha (Orc:1)
  4 ice dragons (Depths:4)
  11 spriggan air magi
  A caustic shrike simulacrum (IceCv)
  2 radroaches
  29 vault guards
  2 jorogumos
  A quicksilver dragon skeleton (Crypt:3)
  2 salamander tyrants (Depths:3)
  2 peacekeepers (Vaults:4)
  2 ice dragons (shapeshifter)
  7 centaur warriors
  3 merfolk avatars
  A spriggan skeleton (Abyss:3)
  A juggernaut simulacrum (Depths:3)
  6 ogre magi
  10 boulder beetles
  9 merfolk aquamancers
  An alligator (Zig:3)
  A death knight (Crypt:1)
  Erica (D:8)
  6 deep troll shamans
  A satyr (Shoals:1)
  The ghost of Gefeu the Basher, a journeyman GrFi of Gozag (Lair:2)
  15 death yaks
  10 deep troll earth magi
  19 two-headed ogres
  12 dancing weapons
  An orc high priest (Zig:8)
  7 ironbound frosthearts
  4 tengu warriors
  6 demonic crawlers
  15 hell hogs
  8 vampire magi
  A bennu skeleton (Crypt:3)
  29 thrashing horrors
  3 spriggan berserkers
  3 hell knights
  12 soul eaters
  12 sun demons
  9 wretched stars
  20 skeletal warriors
  7 skysharks
  11 deep elf knights
  A sun moth (Zig:7)
  3 pharaoh ants
  7 shadow wraiths
  A cherub (Zot:5)
  38 deep trolls
  A storm dragon skeleton (Vaults:3)
  8 iron trolls
  12 sea snakes
  2 spatial maelstroms (Abyss:3)
  11 flayed ghosts
  2 sixfirhies (Abyss:3)
  14 orb spiders
  2 sea snakes (shapeshifter)
  2 death drakes (Zot:3)
  3 bog bodies (IceCv)
  A skyshark (shapeshifter) (Abyss:3)
  17 ironbound convokers
  3 spriggan druids (Zig:12)
  2 goliath frogs
  An anaconda zombie (Hell)
  2 spriggan simulacra (IceCv)
  2 shadow demons
  A swamp dragon (Zig:12)
  6 orc knights
  12 deep elf archers
  7 necromancers
  5 harpies
  An orange crystal statue (Crypt:2)
  12 wizards
  A tengu zombie (Vaults:4)
  A sphinx zombie (Vaults:4)
  8 glowing orange brains
  An obsidian statue (IceCv)
  16 phantasmal warriors
  A lindwurm (shapeshifter) (Vaults:5)
  A harpy (shapeshifter) (D:13)
  28 deep elf pyromancers
  A golden dragon skeleton (Zot:3)
  8 wolf spider zombies
  2 lindwurms (Vaults:3)
  2 anaconda skeletons
  18 deep elf zephyrmancers
  7 steelbarb worms
  10 fauns
  2 tengu skeletons
  22 wolf spiders
  33 ugly things
  4 orc sorcerers
  A salamander (Depths:4)
  16 cyclopes
  4 worldbinders
  A wolf spider (shapeshifter) (Vaults:5)
  A salamander (shapeshifter) (D:14)
  2 will-o-the-wisps (Zig:12)
  26 manticores
  5 shining eyes
  20 moths of wrath
  A human zombie (Vaults:4)
  A naga zombie (Crypt:2)
  8 merfolk sirens
  2 centaur zombies
  2 stone giant skeletons (Vaults:3)
  2 black mambas (shapeshifter)
  9 water nymphs
  22 smoke demons
  24 vault sentinels
  A guardian serpent (D:15)
  2 rust devils
  16 cane toads
  2 black mambas
  2 orange demons
  2 eyes of devastation
  3 guardian serpents (shapeshifter)
  4 molten gargoyles (Hell)
  8 torpor snails
  A gargoyle (D:7)
  A cane toad (shapeshifter) (D:14)
  2 kobold demonologists
  11 unseen horrors
  2 hellions
  A rime drake (Lair:4)
  2 centaur skeletons (Crypt:2)
  An unseen horror (shapeshifter) (D:13)
  12 komodo dragons
  2 komodo dragons (shapeshifter)
  6 anaconda simulacra
  18 freezing wraiths
  7 redback zombies (Spider:2)
  2 sea snake zombies
  11 ancient zymes
  A bunyip simulacrum (Abyss:3)
  2 golden dragon simulacra (IceCv)
  A death drake zombie (Crypt:3)
  6 efreet
  2 yaktaur skeletons (Vaults:3)
  25 yaktaurs
  A guardian mummy (Zot:3)
  9 ice devils
  A yellow draconian skeleton (Zot:3)
  2 tengu conjurers
  A hydra zombie (Hell)
  27 merfolk
  8 meliai
  A queen bee (Lair:2)
  17 trolls
  3 hellwings
  2 trolls (shapeshifter)
  2 red devils
  A bloated husk (Zig:12)
  13 wind drakes
  A wind drake (shapeshifter) (Elf:1)
  6 polar bears
  39 tarantellas
  20 dream sheep
  3 tarantella zombies (Spider:2)
  A harpy skeleton (D:15)
  15 raiju
  Prince Ribbit (D:5)
  14 hornets
  2 hydra skeletons
  A blink frog (shapeshifter) (D:14)
  A raiju (shapeshifter) (Depths:3)
  19 blink frogs
  4 snapping turtles
  7 culicivora zombies (Spider:2)
  A shadow (D:9)
  8 ynoxinuls
  A spriggan (Lair:5)
  2 culicivoras (shapeshifter)
  12 flying skulls
  4 dire elephant simulacra (IceCv)
  49 slime creatures
  31 yaks
  18 culicivoras
  A spriggan (shapeshifter) (D:14)
  32 jumping spiders
  9 wyverns
  6 fire elementals
  A vampire (D:7)
  21 air elementals
  An ettin skeleton (Vaults:3)
  29 water elementals
  10 wraiths
  6 golden eyes (Abyss:3)
  24 starcursed masses
  6 hogs (Lair:3)
  7 vampire mosquitoes
  53 redbacks
  4 basilisks
  A redback (shapeshifter) (Vaults:5)
  11 chaos spawn
  15 neqoxecs
  Menkaure (Ossuary)
  8 harpy simulacra (IceCv)
  A spatial vortex (Abyss:3)
  3 steam dragons
  A steam dragon (shapeshifter) (D:14)
  11 wargs
  2 elf skeletons (Vaults:3)
  40 large abominations
  A fire bat zombie (Crypt:1)
  A deep troll zombie (Crypt:2)
  6 water moccasins
  A hell hound (Abyss:2)
  Duvessa (D:4)
  6 acid dragons
  41 orc warriors
  2 hydra simulacra
  A floating eye (Slime:1)
  A black bear (D:6)
  A faun skeleton (Crypt:3)
  An alligator simulacrum (IceCv)
  2 glowing shapeshifter skeletons (Vaults:3)
  A sky beast (D:6)
  An ettin simulacrum (IceCv)
  2 ice beasts
  A boggart (Elf:1)
  A hornet zombie (D:15)
  26 ogres
  A boggart (shapeshifter) (Vaults:5)
  3 centaurs
  28 wolves
  2 human skeletons (Vaults:3)
  A dream sheep skeleton (Crypt:2)
  A phantom (Depths:4)
  An elf zombie (Crypt:1)
  6 kobold brigands
  A hog skeleton (Crypt:3)
  13 bullfrogs
  2 gnoll sergeants
  7 earth elementals
  7 scorpions
  2 deep troll simulacra (IceCv)
  11 wights
  Dowan (D:4)
  3 human simulacra (Vaults:3)
  21 killer bees
  2 lindwurm simulacra (IceCv)
  An electric eel (Spider:1)
  A howler monkey (D:10)
  A yak skeleton (Crypt:1)
  A howler monkey (shapeshifter) (Depths:4)
  A crimson imp (Abyss:3)
  2 quasits (Abyss:3)
  30 small abominations
  4 jellies
  11 orc priests
  3 gnoll boudas
  3 hounds
  6 iron imps
  A sleepcap (D:7)
  An iguana (D:6)
  Ijyb (D:4)
  A boggart zombie (D:15)
  Natasha (twice) (D:4)
  25 orc wizards
  6 hell rats
  An ice beast zombie (Crypt:2)
  A killer bee zombie (Crypt:1)
  A hound zombie (Crypt:1)
  2 acid dragon skeletons
  3 mummies (Ossuary)
  19 gnolls
  An adder (shapeshifter) (D:14)
  20 adders
  7 river rats
  5 white imps
  4 ufetubi
  An adder zombie (Crypt:2)
  An adder skeleton (Crypt:3)
  3 worms
  5 dart slugs
  68 orcs
  12 ball pythons
  8 endoplasms
  5 giant cockroaches
  3 gnoll zombies (Ossuary)
  9 goblins
  7 hobgoblins
  8 jackals
  24 kobolds
  3 quokkas
  A ball python skeleton (Crypt:3)
  3 bats
  13 frilled lizards
  A frilled lizard (shapeshifter) (D:14)
  A frilled lizard skeleton (Crypt:1)
  A gnoll skeleton (Ossuary)
  5 goblin skeletons (Ossuary)
  3 goblin zombies (Ossuary)
  2 hobgoblin skeletons (Ossuary)
  4 hobgoblin zombies (Ossuary)
  6 kobold skeletons
  5 kobold zombies (Ossuary)
  7 orc skeletons (Ossuary)
  6 orc zombies (Ossuary)
  A quokka zombie (D:4)
  12 rats
  5 rat skeletons (Ossuary)
  5 rat zombies
  5 lurking horrors (Abyss:3)
  8 spectral weapons
  37 starspawn tentacles
3027 creatures vanquished.

Vanquished Creatures (others)
  Nikola (Shoals:3)
  A storm dragon (Shoals:4)
  A fenstrider witch (Zig:12)
  A ghost moth (Spider:4)
  A bunyip (Zig:12)
  A radroach (Zig:7)
  2 goliath frogs (Zig:12)
  A bog body (Zig:12)
  An ironbound convoker (Vaults:5)
  2 bloated husks (Zig:12)
  A hornet (Zig:12)
  A culicivora (Spider:3)
  A spriggan (Zig:12)
  An orc warrior (Vaults:5)
  6 foxfires (Zig:12)
  4 lurking horrors (Abyss:3)
  147 spectral weapons
  25 starspawn tentacles
198 creatures vanquished.

Grand Total: 3225 creatures vanquished

Notes
Turn   | Place    | Note
-------+----------+-------------------------------------------
     0 | D:1      | Pohedonas the Minotaur Fighter began the quest for the Orb.
     0 | D:1      | Reached XP level 1. HP: 19/19 MP: 0/0
   118 | D:1      | Found a faded altar of an unknown god.
   181 | D:1      | Reached XP level 2. HP: 27/27 MP: 1/1
   312 | D:1      | Reached skill level 1 in Dodging
   809 | D:2      | Reached XP level 3. HP: 33/33 MP: 2/2
  1140 | D:2      | Reached XP level 4. HP: 32/40 MP: 3/3
  1395 | D:3      | Found a shadowy altar of Dithmenos.
  1594 | D:3      | Found a burning altar of Makhleb.
  1594 | D:3      | Noticed a green death
  1600 | D:3      | Noticed an orange demon
  1600 | D:3      | Noticed a neqoxec
  1672 | D:3      | Found a glowing silver altar of Zin.
  1680 | D:3      | Found a radiant altar of Vehumet.
  2169 | D:4      | Noticed Natasha
  2175 | D:4      | Reached XP level 5. HP: 38/47 MP: 4/4
  2176 | D:4      | Killed Natasha
  2256 | D:4      | Found a staircase to the Ecumenical Temple.
  2402 | D:4      | Noticed Dowan
  2402 | D:4      | Noticed Duvessa
  2412 | D:4      | Found a sand-covered staircase.
  2420 | Ossuary  | Entered an ossuary
  2705 | Ossuary  | Noticed Menkaure
  2707 | Ossuary  | Killed Menkaure
  2708 | Ossuary  | Reached skill level 5 in Fighting
  2708 | Ossuary  | Reached skill level 5 in Armour
  2708 | Ossuary  | Reached skill level 5 in Shields
  2708 | Ossuary  | Reached XP level 6. HP: 56/56 MP: 5/5
  2773 | D:4      | Killed Dowan
  2774 | D:4      | Killed Duvessa
  2775 | D:4      | Reached XP level 7. HP: 48/61 MP: 6/6
  2825 | Temple   | Entered the Ecumenical Temple
  2877 | Temple   | Became a worshipper of Warmaster Okawaru
  3099 | D:4      | Noticed Ijyb
  3104 | D:4      | Killed Ijyb
  3193 | D:4      | Found an ancient bone altar of Kikubaaqudgha.
  3200 | D:4      | Noticed Natasha
  3203 | D:4      | Killed Natasha
  3204 | D:4      | Reached skill level 5 in Axes
  3321 | D:5      | Entered Level 5 of the Dungeon
  3657 | D:5      | Found a hazy altar of Hepliaklqana.
  3732 | D:5      | Noticed Prince Ribbit
  3746 | D:5      | Killed Prince Ribbit
  3746 | D:5      | Reached * piety under Okawaru
  3747 | D:5      | Reached XP level 8. HP: 36/70 MP: 7/7
  3909 | D:5      | Found a broken altar of Ashenzari.
  4479 | D:6      | Reached skill level 5 in Dodging
  4668 | D:6      | Reached ** piety under Okawaru
  4731 | D:6      | Reached XP level 9. HP: 70/79 MP: 8/8
  4747 | D:6      | Found a glowing drain.
  4753 | Sewer    | Entered a sewer
  5667 | D:7      | Reached *** piety under Okawaru
  6002 | D:7      | Noticed a gargoyle
  6002 | D:7      | Noticed a boulder beetle
  6004 | D:7      | Noticed a komodo dragon
  6008 | D:7      | Killed a gargoyle
  6023 | D:7      | Killed a komodo dragon
  6025 | D:7      | Reached **** piety under Okawaru
  6026 | D:7      | Reached XP level 10. HP: 50/90 MP: 9/9
  6036 | D:7      | Killed a boulder beetle
  6036 | D:7      | Received a gift from Okawaru
  6040 | D:7      | Identified the +13 plate armour "Gavyxod" {rElec rF+}
  6057 | D:7      | Identified the ring "Emyufuet" {AC+4 Slay+3}
  6487 | D:7      | Found a runed translucent door.
  6731 | D:8      | Found a blossoming altar of Fedhas.
  6747 | D:8      | Noticed Erica
  6754 | D:8      | Killed Erica
  6754 | D:8      | Received a gift from Okawaru
  6908 | D:8      | Reached ***** piety under Okawaru
  7389 | D:8      | Identified a scroll of acquirement
  7389 | D:8      | Acquired a +0 cloak of willpower
  7467 | D:9      | Found a staircase to the Orcish Mines.
  7758 | D:9      | Reached XP level 11. HP: 93/99 MP: 10/10
  8224 | D:9      | Received a gift from Okawaru
  8225 | D:9      | Reached skill level 10 in Fighting
  8228 | D:9      | Reached skill level 10 in Armour
  8228 | D:9      | Reached skill level 10 in Shields
  8259 | D:9      | Noticed a centaur warrior
  8259 | D:9      | Noticed a rakshasa
  8271 | D:9      | Killed a centaur warrior
  8278 | D:9      | Killed a rakshasa
  8285 | D:9      | Noticed a boulder beetle
  8292 | D:9      | Noticed a centaur warrior
  8296 | D:9      | Killed a centaur warrior
  8297 | D:9      | Reached skill level 10 in Axes
  8297 | D:9      | Killed a boulder beetle
  8384 | D:9      | Identified the +2 flail of the Shark {heavy, *Slow rN++
                  | Dex+4}
  8583 | D:10     | Entered Level 10 of the Dungeon
  8674 | D:10     | You fall into a shaft and drop 3 floors!
  8713 | D:13     | Noticed a harpy
  8718 | D:13     | Killed a harpy
  8751 | D:12     | Noticed a skeletal warrior
  8752 | D:12     | Noticed a skeletal warrior
  8752 | D:12     | Noticed a skeletal warrior
  8755 | D:12     | Noticed a skeletal warrior
  8758 | D:12     | Killed a skeletal warrior
  8758 | D:12     | Killed a skeletal warrior
  8763 | D:12     | Killed a skeletal warrior
  8763 | D:12     | Noticed a skeletal warrior
  8764 | D:12     | Killed a skeletal warrior
  8775 | D:12     | Killed a skeletal warrior
  8980 | D:12     | Noticed a boulder beetle
  9154 | D:10     | Found a white marble altar of Elyvilon.
  9199 | D:10     | Noticed Josephine
  9203 | D:10     | Killed Josephine
  9203 | D:10     | Received a gift from Okawaru
  9204 | D:10     | Reached XP level 12. HP: 108/110 MP: 11/11
  9306 | D:10     | Found a large runed translucent door.
  9306 | D:10     | Found a large runed translucent door.
  9393 | D:10     | Gained mutation: You have a pair of large horns on your
                  | head. [potion of mutation]
  9393 | D:10     | Gained mutation: You are partially covered in iridescent
                  | scales. (AC +2) [potion of mutation]
  9485 | D:10     | Noticed a two-headed ogre
  9488 | D:10     | Killed a two-headed ogre
  9886 | D:10     | Found a glowing golden altar of the Shining One.
  9895 | D:10     | Found a shimmering blue altar of Sif Muna.
 10104 | D:11     | Found a staircase to the Lair.
 10110 | D:11     | Reached skill level 10 in Dodging
 10161 | D:11     | Noticed a boulder beetle
 10172 | D:11     | Killed a boulder beetle
 11085 | D:12     | Noticed a two-headed ogre
 11090 | D:12     | Killed a two-headed ogre
 11276 | D:12     | Found a portal to a secret trove of treasure.
 11657 | D:13     | Noticed a fire dragon
 11661 | D:13     | Noticed an ettin
 11667 | D:13     | Killed a fire dragon
 11667 | D:13     | Reached ****** piety under Okawaru
 11668 | D:13     | Killed an ettin
 11826 | D:13     | Found a gate to the Vaults.
 11882 | D:13     | Found Gastrecul's Distillery.
 11889 | D:13     | Bought a potion of enlightenment for 65 gold pieces
 11889 | D:13     | Bought a potion of curing for 39 gold pieces
 11889 | D:13     | Bought a potion of resistance for 130 gold pieces
 11889 | D:13     | Bought a potion of heal wounds for 65 gold pieces
 11889 | D:13     | Bought a potion of mutation for 104 gold pieces
 11889 | D:13     | Bought a potion of curing for 39 gold pieces
 11889 | D:13     | Bought a potion of ambrosia for 104 gold pieces
 11889 | D:13     | Bought a potion of curing for 39 gold pieces
 11902 | D:13     | Noticed a centaur warrior
 11908 | D:13     | Killed a centaur warrior
 11908 | D:13     | Identified the +10 battleaxe "Fabuipla" {elec, rElec rPois
                  | Int+2 SInv} (Okawaru gifted it to you on level 13 of the
                  | Dungeon)
 11908 | D:13     | Received a gift from Okawaru
 11921 | D:13     | Noticed a centaur warrior
 11927 | D:13     | Killed a centaur warrior
 12162 | D:13     | Found an ancient bone altar of Kikubaaqudgha.
 12317 | D:13     | Reached XP level 13. HP: 119/119 MP: 12/12
 12419 | D:14     | Found a runed translucent gate.
 12421 | D:14     | Found a runed translucent gate.
 12422 | D:14     | Found a runed translucent gate.
 12434 | D:14     | Received a gift from Okawaru
 12569 | D:14     | Found a frozen archway.
 12582 | IceCv    | Entered an ice cave
 12845 | IceCv    | Noticed a white very ugly thing
 12855 | IceCv    | Killed a white very ugly thing
 12855 | IceCv    | Noticed a white very ugly thing
 12862 | IceCv    | Killed a white very ugly thing
 13021 | IceCv    | Identified the +0 pair of boots of Amorality {rElec}
 13060 | IceCv    | Found an ancient bone altar of Kikubaaqudgha.
 13060 | IceCv    | Noticed a white very ugly thing
 13065 | IceCv    | Identified the +9 scimitar of Infinite Pain {holy, rF+
                  | Dex+3} (Okawaru gifted it to you in an ice cave)
 13065 | IceCv    | Received a gift from Okawaru
 13072 | IceCv    | Killed a white very ugly thing
 13261 | IceCv    | Got the Handbook of the Chill
 13354 | IceCv    | Noticed a lich
 13363 | IceCv    | Killed a lich
 13702 | D:14     | Reached XP level 14. HP: 121/130 MP: 13/13
 13722 | D:14     | Received a gift from Okawaru
 13835 | D:14     | Noticed Louise
 13853 | D:14     | Killed Louise
 14476 | D:14     | Found a runed translucent gate.
 14476 | D:14     | Found a runed translucent gate.
 14477 | D:14     | Noticed a tentacled monstrosity
 14478 | D:14     | Noticed a cacodemon
 14479 | D:14     | Noticed pornopis's ghost (journeyman BaHu)
 14480 | D:14     | Found a runed translucent gate.
 14496 | D:14     | Killed a tentacled monstrosity
 14497 | D:14     | Killed a cacodemon
 14499 | D:14     | Killed pornopis's ghost
 14534 | D:14     | Gained mutation: Your spells are a little easier to cast,
                  | but a little less powerful. [mutagenic glow]
 14667 | Lair:1   | Entered Level 1 of the Lair of Beasts
 14669 | Lair:1   | Noticed Fannar
 14680 | Lair:1   | Killed Fannar
 14888 | Lair:1   | Received a gift from Okawaru
 15455 | Lair:2   | Noticed Gefeu's ghost (journeyman GrFi)
 15587 | Lair:2   | Found a hole to the Spider Nest.
 15682 | Lair:2   | Found a transporter.
 15683 | Lair:2   | Found a transporter.
 15748 | Lair:2   | Killed Gefeu's ghost
 15910 | Lair:2   | Received a gift from Okawaru
 16726 | Lair:3   | Noticed Kirke
 16739 | Lair:3   | Noticed a sphinx
 16754 | Lair:3   | Killed Kirke
 17150 | Lair:3   | Found a staircase to the Shoals.
 17489 | Lair:4   | Upgraded the game from 0.31-a0-166-g46f44d267d to
                  | 0.31-a0-174-g85c54bcb58
 17530 | Lair:4   | Identified the +8 scale mail "Oxtehyna" {rN+} (Okawaru
                  | gifted it to you on level 4 of the Lair of Beasts)
 17530 | Lair:4   | Received a gift from Okawaru
 17535 | Lair:4   | Reached XP level 15. HP: 114/139 MP: 14/14
 17605 | Lair:4   | Noticed Snorg
 17611 | Lair:4   | Killed Snorg
 17726 | Lair:4   | Reached skill level 15 in Armour
 17726 | Lair:4   | Reached skill level 15 in Shields
 17728 | Lair:4   | Reached skill level 15 in Fighting
 17846 | Lair:4   | Found a viscous altar of Jiyva.
 17847 | Lair:4   | Found a staircase to the Slime Pits.
 18013 | Lair:4   | Reached skill level 15 in Axes
 18417 | Lair:5   | Entered Level 5 of the Lair of Beasts
 19011 | Lair:5   | Identified the +2 pair of gloves of Omocyidgh {rC+ Will+}
                  | (Okawaru gifted it to you on level 5 of the Lair of Beasts)
 19011 | Lair:5   | Received a gift from Okawaru
 19218 | Lair:5   | Found a corrupted altar of Lugonu.
 19218 | Lair:5   | Found a one-way gate to the infinite horrors of the Abyss.
 19385 | Lair:5   | Found an ornate altar of the Wu Jian Council.
 19385 | Lair:5   | Found a hide-covered altar of Uskayaw.
 19763 | Orc:1    | Entered Level 1 of the Orcish Mines
 19820 | Orc:1    | Noticed Jorgrun
 19829 | Orc:1    | Killed Jorgrun
 19837 | Orc:1    | Noticed Erolcha
 19842 | Orc:1    | Killed Erolcha
 20093 | Orc:1    | Found Zucest's General Store.
 20187 | Orc:1    | Found a radiant altar of Vehumet.
 20263 | Orc:2    | Entered Level 2 of the Orcish Mines
 20414 | Orc:2    | Found Celotali's General Store.
 20415 | Orc:2    | Found Tofisium's Antique Weapon Shop.
 20428 | Orc:2    | Reached XP level 16. HP: 143/151 MP: 15/15
 20446 | Orc:2    | Identified the +1 chain mail "Uhagyod" {Stlth+} (Okawaru
                  | gifted it to you on level 2 of the Orcish Mines)
 20446 | Orc:2    | Received a gift from Okawaru
 20502 | Orc:2    | Found Ethillol's Assorted Antiques.
 20508 | Orc:2    | Found Modgh's Assorted Antiques.
 20555 | Orc:2    | Bought a scroll of blinking for 127 gold pieces
 20555 | Orc:2    | Bought a scroll of fear for 68 gold pieces
 20561 | Orc:2    | Bought a potion of heal wounds for 175 gold pieces
 20561 | Orc:2    | Bought a potion of haste for 350 gold pieces
 20566 | Orc:2    | Bought a scroll of blinking for 240 gold pieces
 20751 | Orc:2    | Found a staircase to the Elven Halls.
 21158 | D:15     | Entered Level 15 of the Dungeon
 21244 | D:15     | Found a shimmering blue altar of Sif Muna.
 21780 | D:15     | Found a staircase to the Depths.
 22002 | D:15     | Upgraded the game from 0.31-a0-174-g85c54bcb58 to
                  | 0.31-a0-175-g9f7f995f2b
 22182 | Spider:1 | Entered Level 1 of the Spider Nest
 22304 | Spider:1 | Reached skill level 15 in Dodging
 23253 | Spider:2 | Received a gift from Okawaru
 23372 | Spider:2 | Received a gift from Okawaru
 23453 | Spider:3 | Reached XP level 17. HP: 145/161 MP: 16/16
 24737 | Spider:3 | Received a gift from Okawaru
 25163 | Spider:4 | Entered Level 4 of the Spider Nest
 26620 | Spider:4 | Identified the +1 ring mail of Sorcery {MP+9} (Okawaru
                  | gifted it to you on level 4 of the Spider Nest)
 26620 | Spider:4 | Received a gift from Okawaru
 26794 | Spider:4 | Identified the +2 hat of Gehenna {rN+}
 26802 | Spider:4 | Identified the -2 pair of gloves of Context {Str+6}
 26814 | Spider:4 | Got a gossamer rune of Zot
 26821 | Spider:4 | Lost mutation: You are partially covered in iridescent
                  | scales. (AC +2) [potion of mutation]
 26821 | Spider:4 | Lost mutation: Your spells are a little easier to cast, but
                  | a little less powerful. [potion of mutation]
 26821 | Spider:4 | Lost mutation: You have a pair of large horns on your head.
                  | [potion of mutation]
 26821 | Spider:4 | Gained mutation: You are somewhat resistant to further
                  | mutation. [potion of mutation]
 26821 | Spider:4 | Gained mutation: Your natural rate of healing is unusually
                  | fast. [potion of mutation]
 27038 | Shoals:1 | Entered Level 1 of the Shoals
 27061 | Shoals:1 | Reached XP level 18. HP: 151/172 MP: 17/17
 27238 | Shoals:1 | You are sucked into a shaft and drop 1 floor!
 27558 | Shoals:1 | Found Guboblum's Jewellery Boutique.
 28783 | Shoals:3 | Noticed Ilsuiw
 28799 | Shoals:3 | Identified the +2 plate armour of Chill Winds {Fly rF+ MP+9
                  | Dex-3} (Okawaru gifted it to you on level 3 of the Shoals)
 28799 | Shoals:3 | Received a gift from Okawaru
 28802 | Shoals:3 | Killed Ilsuiw
 29075 | Shoals:3 | Noticed Nikola
 29087 | Shoals:3 | Killed Nikola
 29115 | Shoals:3 | Identified the +1 scale mail of the End {Regen+}
 29183 | Shoals:3 | Found Wiowom's Weapon Boutique.
 29184 | Shoals:3 | Noticed Mlioglotl
 29190 | Shoals:3 | Noticed Mara
 29194 | Shoals:3 | Killed Mlioglotl
 29208 | Shoals:3 | Noticed Pohedonas's illusion
 29437 | Shoals:3 | Noticed Pohedonas's illusion
 29898 | Shoals:3 | Killed Mara
 29950 | Shoals:4 | Entered Level 4 of the Shoals
 30194 | Shoals:4 | Paralysed by an air elemental for 1 turns
 30199 | Shoals:4 | Paralysed by an air elemental for 1 turns
 30367 | Shoals:4 | Identified the +0 pair of boots "Usestrih" {Will+} (Okawaru
                  | gifted it to you on level 4 of the Shoals)
 30367 | Shoals:4 | Received a gift from Okawaru
 30410 | Shoals:4 | Acquired 786 gold pieces
 30441 | Shoals:4 | Reached XP level 19. HP: 179/182 MP: 18/18
 30483 | Shoals:4 | Got a barnacled rune of Zot
 30496 | Shoals:4 | Identified the +4 rapier "Nitwuv" {protect, rPois rF- Dex-5
                  | Stlth+}
 30556 | Shoals:4 | Paralysed by an air elemental for 1 turns
 30562 | Shoals:4 | Paralysed by an air elemental for 1 turns
 30624 | Shoals:4 | Found a bloodstained altar of Trog.
 31148 | Vaults:1 | Entered Level 1 of the Vaults
 31225 | Vaults:1 | Identified the staff of death "Tumarch" {rF+ rN+ Int+4}
 31520 | Vaults:1 | Identified the +3 long sword "Worm's Wrath" {venom, rF+++
                  | Str+3 Int-4}
 32504 | Elf:1    | Entered Level 1 of the Elven Halls
 32587 | Elf:1    | Noticed Roxanne
 32609 | Elf:1    | Killed Roxanne
 32984 | Elf:1    | Identified the +4 ring mail of the Earth {Str+4 Int+2 SInv}
                  | (Okawaru gifted it to you on level 1 of the Elven Halls)
 32984 | Elf:1    | Received a gift from Okawaru
 33279 | Elf:2    | Paralysed by an air elemental for 1 turns
 33785 | Elf:2    | Paralysed by an air elemental for 1 turns
 33797 | Elf:2    | Found Zaky's Jewellery Shop.
 33876 | Elf:2    | Found a runed translucent gate.
 33876 | Elf:2    | Found a runed translucent gate.
 33876 | Elf:2    | Found a runed translucent gate.
 34170 | Elf:3    | Entered Level 3 of the Elven Halls
 34245 | Elf:3    | Found Emiwn's General Store.
 34412 | Elf:3    | Identified the +0 robe "Jetimank" {Int+4 Stlth-}
 34441 | Elf:3    | Reached XP level 20. HP: 193/193 MP: 19/19
 34971 | Elf:3    | Identified the +2 falchion "Miqiaqipp" {holy, +Blink Int-3
                  | Dex-5 Stlth+}
 35007 | Elf:3    | Received a gift from Okawaru
 35296 | Elf:3    | Identified the ring "Okauluus" {*Corrode rElec MP+9 Str-5
                  | Int+8}
 35323 | Elf:3    | Identified the ring "Vacofuim" {EV+5 Str+4 Int-5 SInv}
 35637 | Elf:3    | Identified the staff of fire "Hekiu" {+Blink rF+ rN++}
 35646 | Elf:3    | Identified the staff of death "Kixzysic" {rElec rC- rN+
                  | Str+7}
 35674 | Elf:3    | Got the Catalogue of Translocated Fascination
 35682 | Elf:3    | Identified the +5 hat of the Nine Underlurkers {rCorr}
 35693 | Elf:3    | Identified the +0 ring mail of the Fiend {rPois Str+7 Int-5
                  | Dex-2 Stlth+}
 35695 | Elf:3    | Got the Codex of Singed Spectres
 36273 | Vaults:2 | Identified the +4 chain mail "Qus Xoit" {Drain rCorr Int+2}
                  | (Okawaru gifted it to you on level 2 of the Vaults)
 36273 | Vaults:2 | Received a gift from Okawaru
 36682 | Vaults:2 | Found a transporter.
 36722 | Vaults:2 | Found a transporter.
 36864 | Vaults:2 | Identified the ring "Pippem" {rF- rCorr Int+4}
 36878 | Vaults:2 | Identified the ring "Fotafo" {Wiz Int+3 Slay+5}
 37808 | Vaults:3 | Found Upheejeuqe's Jewellery Emporium.
 37844 | Vaults:3 | Reached XP level 21. HP: 204/204 MP: 20/20
 38317 | Vaults:3 | Identified the +0 pair of gloves "Biw Fote" {rElec Will+
                  | MP+9} (Okawaru gifted it to you on level 3 of the Vaults)
 38317 | Vaults:3 | Received a gift from Okawaru
 38331 | Vaults:3 | Found a staircase to the Crypt.
 38798 | Vaults:4 | Noticed Saint Roka
 38813 | Vaults:4 | Killed Saint Roka
 39452 | Vaults:5 | Entered Level 5 of the Vaults
 39454 | Vaults:5 | Noticed an ancient lich
 39466 | Vaults:5 | Killed an ancient lich
 39505 | Vaults:5 | Received a gift from Okawaru
 39680 | Vaults:5 | Identified the +4 robe "Nooleor" {rPois rN+ MP+9 Int+3}
                  | (Okawaru gifted it to you on level 5 of the Vaults)
 39680 | Vaults:5 | Received a gift from Okawaru
 39788 | Vaults:5 | Noticed a golden dragon
 39841 | Vaults:5 | Killed a golden dragon
 39893 | Vaults:5 | Noticed an ancient lich
 39905 | Vaults:5 | Reached XP level 22. HP: 109/215 MP: 21/21
 40159 | Vaults:5 | Upgraded the game from 0.31-a0-175-g9f7f995f2b to
                  | 0.31-a0-176-g91f28db67f
 40278 | Vaults:5 | Identified the ring of Eliuwane {rPois rC++ Will+ rCorr
                  | Str-5}
 40459 | Vaults:5 | Killed an ancient lich
 40579 | Vaults:5 | Got a silver rune of Zot
 41410 | Crypt:1  | Entered Level 1 of the Crypt
 41489 | Crypt:1  | Received a gift from Okawaru
 41866 | Crypt:1  | Identified the +10 war axe "Cuitzam" {freeze, Contam rF++
                  | Dex+4}
 42317 | Crypt:2  | Found a transporter.
 42356 | Crypt:2  | Found a transporter.
 43018 | Crypt:2  | Identified the -1 hat "Kabiuxza" {rN+ Int+3}
 43020 | Crypt:2  | Identified the ring of Tiz Ihy {rPois rF+ rCorr Str+3}
 43026 | Crypt:2  | Identified the +9 sling "Gounkun" {elec, Int+2}
 43042 | Crypt:3  | Entered Level 3 of the Crypt
 43094 | Crypt:3  | Noticed Bai Suzhen
 43106 | Crypt:3  | Killed Bai Suzhen
 43121 | Crypt:3  | Identified the +9 dagger of the Teaching Hero {venom, rC++
                  | Str-3} (Okawaru gifted it to you on level 3 of the Crypt)
 43121 | Crypt:3  | Received a gift from Okawaru
 43461 | Crypt:3  | Found a staircase to the Tomb.
 43541 | Crypt:3  | Noticed an ancient lich
 43558 | Crypt:3  | Reached XP level 23. HP: 219/224 MP: 22/22
 43566 | Crypt:3  | Killed an ancient lich
 43774 | Crypt:3  | Identified the -1 helmet of the Spheres {Rampage rF+ rC+}
 43857 | Crypt:3  | Noticed an ancient lich
 43878 | Crypt:3  | Killed an ancient lich
 43878 | Crypt:3  | Identified the +1 pair of gloves of Beadyn {rN++ Str-5}
                  | (Okawaru gifted it to you on level 3 of the Crypt)
 43878 | Crypt:3  | Received a gift from Okawaru
 43920 | Crypt:3  | Identified the staff of earth "Guhiwkud" {+Blink Int+2
                  | Dex+3}
 44259 | Depths:1 | Entered Level 1 of the Depths
 44414 | Depths:1 | Found a gateway to Hell.
 44467 | Depths:1 | You fall into a shaft and drop 1 floor!
 44522 | Depths:2 | Identified the +2 scale mail of Sunlight {Int+2}
 45264 | Depths:1 | Found a one-way gateway to a ziggurat.
 45375 | Depths:2 | Found an ornate altar of the Wu Jian Council.
 45401 | Depths:2 | Found a one-way gate leading to the halls of Pandemonium.
 46152 | Depths:3 | Received a gift from Okawaru
 46153 | Depths:3 | Noticed a juggernaut
 46156 | Depths:3 | a juggernaut changed into a rockslime
 46532 | Depths:3 | Identified the +4 robe of the Vaults {Stlth+}
 46800 | Depths:3 | Acquired 370 gold pieces
 47010 | Depths:3 | Received a gift from Okawaru
 47203 | Depths:4 | Entered Level 4 of the Depths
 47275 | Depths:4 | Got the Reference Book on Bewitching Trauma
 47309 | Depths:4 | Reached XP level 24. HP: 227/237 MP: 22/22
 47347 | Depths:4 | Noticed Jory
 47360 | Depths:4 | Killed Jory
 47849 | Depths:4 | Found a gate to the Realm of Zot.
 47855 | Depths:4 | Received a gift from Okawaru
 47890 | Depths:4 | Found a runed translucent gate.
 47895 | Depths:4 | Found a runed translucent gate.
 47896 | Depths:4 | Found a runed translucent gate.
 47989 | Depths:4 | Found a broken altar of Ashenzari.
 48436 | Zot:1    | Entered Level 1 of the Realm of Zot
 48836 | Slime:1  | Entered Level 1 of the Pits of Slime
 48838 | Slime:1  | Gained mutation: You are dopey. (Int -2) [a shining eye]
 48848 | Slime:1  | Gained mutation: Your magical capacity is low. (-10% MP) [a
                  | shining eye]
 48856 | Slime:1  | Gained mutation: You sometimes lose your temper in combat.
                  | [a shining eye]
 48913 | Slime:2  | Received a gift from Okawaru
 48987 | Slime:5  | Entered Level 5 of the Pits of Slime
 49017 | Slime:5  | Noticed the Royal Jelly
 49058 | Slime:5  | Killed the Royal Jelly
 49126 | Slime:5  | Got the Papyrus of the Torrid Panacea
 49164 | Slime:5  | Identified the +6 great sword of the Swamp {drain, rN+
                  | Dex+3 Stlth+}
 49171 | Slime:5  | Identified the ring "Keomeirch" {rPois Dex+4}
 49177 | Slime:5  | Got the Compendium of Bombardment and the Mob
 49217 | Slime:5  | Got a slimy rune of Zot
 49225 | Slime:5  | Got Ytarphuv's Compilation of Hyperborean Feathers
 49247 | Slime:5  | Identified the ring of Winter {rC+ rN+ Will+ Stlth+}
 50408 | Zot:1    | Identified the +7 chain mail of Xyox Qem {MP+9}
 50485 | Zot:1    | Identified the +8 hand axe of the Insatiable Tusks {vamp,
                  | rC+}
 50679 | Zot:1    | You fall into a shaft and drop 1 floor!
 51139 | Zot:1    | Received a gift from Okawaru
 51298 | Zot:2    | Reached XP level 25. HP: 115/247 MP: 5/19
 51659 | Zot:2    | Identified the ring of Zin's Scorn {rElec rF+ Will- Str+3
                  | Dex+6}
 52400 | Zot:3    | Identified the +5 spear of Untimely Demise {heavy, Dex+2}
                  | (Okawaru gifted it to you on level 3 of the Realm of Zot)
 52400 | Zot:3    | Received a gift from Okawaru
 52468 | Zot:3    | Noticed an orb of fire
 52479 | Zot:3    | Killed an orb of fire
 52531 | Zot:3    | Found a transporter.
 52532 | Zot:3    | Found a transporter.
 52535 | Zot:3    | Found a transporter.
 52548 | Zot:3    | Found a transporter.
 52560 | Zot:3    | Found a transporter.
 52564 | Zot:3    | Found a transporter.
 53195 | Zot:4    | Gained mutation: Your magical capacity is very low. (-20%
                  | MP) [mutagenic glow]
 53208 | Zot:4    | Gained mutation: You occasionally shout uncontrollably at
                  | your foes. [mutagenic glow]
 53234 | Zot:4    | Received a gift from Okawaru
 54240 | D:12     | You paid a toll of 7 scrolls of fog to enter a treasure
                  | trove
 54241 | Trove    | Entered a treasure trove
 54244 | Trove    | Found the +7 Kryia's mail coat {PotionHeal*2 rC+}
 54245 | Trove    | Found the +0 mask of the Dragon {Will+ Slay+3 SInv}
 54246 | Trove    | Found the +2 hat of the Bear Spirit {Spirit, Bear, *Rage
                  | Will++}
 54251 | Trove    | Identified the +2 kite shield of Refuge {Rampage rPois rN++
                  | Dex-4}
 54254 | Trove    | Identified the +0 ring mail "Damnable Contraption" {rC+
                  | MP-9 Dex+4}
 54258 | Trove    | Identified the +1 hat "Equemen" {rN+ Regen+ Int-5}
 54267 | Trove    | Identified the +2 hat of Plog {rC+}
 54269 | Trove    | Identified the +2 kite shield "Qisotun" {rElec Dex+3}
 54598 | Zot:4    | Noticed an orb of fire
 54608 | Zot:4    | Identified the +0 plate armour "Ryuj" {Str+3} (Okawaru
                  | gifted it to you on level 4 of the Realm of Zot)
 54608 | Zot:4    | Received a gift from Okawaru
 54897 | Zot:4    | Reached XP level 26. HP: 232/249 MP: 17/17
 54977 | Zot:5    | Entered Level 5 of the Realm of Zot
 55181 | Zig:1    | Entered Level 1 of a ziggurat
 55202 | Zig:2    | Entered Level 2 of a ziggurat
 55244 | Zig:3    | Entered Level 3 of a ziggurat
 55273 | Zig:4    | Entered Level 4 of a ziggurat
 55275 | Zig:4    | Noticed a juggernaut
 55285 | Zig:4    | Killed a juggernaut
 55321 | Zig:5    | Entered Level 5 of a ziggurat
 55359 | Zig:6    | Entered Level 6 of a ziggurat
 55501 | Zig:7    | Entered Level 7 of a ziggurat
 55546 | Zig:7    | Identified the staff of poison "Uxki" {rPois rC+ Int+2
                  | Stlth+}
 55552 | Zig:7    | Identified the +1 ring mail of the Nurturing Gods {*Slow
                  | Regen+ Int+4}
 55553 | Zig:7    | Identified the ring "Venuph" {rElec rF+ SInv}
 55566 | Zig:8    | Entered Level 8 of a ziggurat
 55621 | Zig:8    | Noticed a juggernaut
 55628 | Zig:8    | Killed a juggernaut
 55646 | Zig:8    | Reached XP level 27. HP: 257/268 MP: 17/17
 55665 | Zig:9    | Entered Level 9 of a ziggurat
 55738 | Zig:9    | Got Otewoh's Vellum of Shifting Combat Magic
 55742 | Zig:9    | Identified the +5 short sword "Ultimatum" {drain, rN+ Dex-3
                  | SInv}
 55745 | Zig:10   | Entered Level 10 of a ziggurat
 55751 | Zig:10   | Noticed a juggernaut
 55764 | Zig:10   | Killed a juggernaut
 55782 | Zig:10   | Identified the staff of earth "Goriudghe" {rPois rCorr
                  | Stlth-}
 55801 | Zig:11   | Entered Level 11 of a ziggurat
 55819 | Zig:11   | Received a gift from Okawaru
 55819 | Zig:11   | Found the +2 hood of the Assassin {Detect Stab+ Stlth++}
 55835 | Zig:11   | Found the +5 scythe "Finisher" {speed, execute}
 55858 | Zig:11   | Reached skill level 27 in Axes
 55871 | Zig:11   | Identified the +7 mace of the Whale {heavy, +Blink rElec
                  | rPois Str-3}
 55874 | Zig:11   | Identified the ring "Gymuc" {Contam rF+++ Str+3 Int+6
                  | Dex+6}
 55885 | Zig:12   | Entered Level 12 of a ziggurat
 55966 | Zig:12   | Identified the ring "Jeryoxogg" {Wiz Slay+2}
 55983 | Zig:12   | Identified the +8 morningstar "Uzoor" {spect, Int+3 Stlth+}
 55989 | Zig:12   | Identified the amulet "Yngainy" {rElec rC+ Regen+ Str-4}
 56222 | Zot:5    | Reached skill level 27 in Fighting
 56752 | Zot:5    | Noticed an ancient lich
 56755 | Zot:5    | Noticed an orb of fire
 56755 | Zot:5    | Noticed a dread lich
 56761 | Zot:5    | Killed an ancient lich
 56762 | Zot:5    | Noticed an ancient lich
 56763 | Zot:5    | Killed a dread lich
 56766 | Zot:5    | Noticed an orb of fire
 56766 | Zot:5    | Noticed an orb of fire
 56767 | Zot:5    | Killed an orb of fire
 56768 | Zot:5    | Noticed an orb of fire
 56772 | Zot:5    | Killed an orb of fire
 56776 | Zot:5    | Killed an ancient lich
 56779 | Zot:5    | Killed an orb of fire
 56780 | Zot:5    | Reached skill level 27 in Armour
 56780 | Zot:5    | Reached skill level 27 in Shields
 56797 | Zot:4    | Lost mutation: You occasionally shout uncontrollably at
                  | your foes. [potion of mutation]
 56797 | Zot:4    | Lost mutation: You sometimes lose your temper in combat.
                  | [potion of mutation]
 56797 | Zot:4    | Gained mutation: You heal very quickly. [potion of
                  | mutation]
 56942 | Zot:5    | Killed an orb of fire
 57109 | Zot:5    | Identified the +0 pair of boots "Zafuficw" {Harm *Corrode
                  | Dex+6} (Okawaru gifted it to you on level 5 of the Realm of
                  | Zot)
 57109 | Zot:5    | Received a gift from Okawaru
 57206 | Zot:5    | Noticed a dread lich
 57213 | Zot:5    | Killed a dread lich
 57214 | Zot:5    | Noticed an orb of fire
 57220 | Zot:5    | Noticed an ancient lich
 57221 | Zot:5    | Killed an orb of fire
 57228 | Zot:5    | Killed an ancient lich
 57267 | Zot:5    | Noticed an ancient lich
 57267 | Zot:5    | Noticed an ancient lich
 57279 | Zot:5    | Killed an ancient lich
 57280 | Zot:5    | Killed an ancient lich
 57719 | Depths:3 | Voluntarily entered the Abyss.
 58112 | Abyss:2  | Reached skill level 27 in Dodging
 58176 | Abyss:2  | Reached skill level 1 in Invocations
 58210 | Abyss:2  | Reached skill level 1 in Spellcasting
 58335 | Abyss:3  | Found a corrupted altar of Lugonu.
 58379 | Abyss:3  | Noticed a dread lich
 58385 | Abyss:3  | Killed a dread lich
 58495 | Abyss:3  | Found a corrupted altar of Lugonu.
 58756 | Abyss:3  | Reached skill level 5 in Invocations
 58764 | Abyss:3  | Received a gift from Okawaru
 59055 | Abyss:3  | Reached skill level 5 in Spellcasting
 59499 | Abyss:3  | Gained mutation: You are very dopey. (Int -4) [a neqoxec]
 59855 | Abyss:3  | Gained mutation: Your body sometimes deteriorates upon
                  | taking damage. [a neqoxec]
 59867 | Abyss:3  | Noticed a dread lich
 59876 | Abyss:3  | Killed a dread lich
 59904 | Abyss:3  | Noticed a dread lich
 59915 | Abyss:3  | Killed a dread lich
 60101 | Abyss:3  | Found a corrupted altar of Lugonu.
 60138 | Abyss:3  | Received a gift from Okawaru
 60214 | Abyss:3  | Got an abyssal rune of Zot
 60220 | Abyss:3  | Received a gift from Okawaru
 60225 | Depths:3 | Escaped the Abyss
 60231 | Depths:3 | Upgraded the game from 0.31-a0-176-g91f28db67f to
                  | 0.31-a0-198-g2ad674f65e
 60306 | Hell     | Entered the Vestibule of Hell
 60306 | Hell     | Noticed Geryon
 60353 | Hell     | Reached skill level 10 in Spellcasting
 60372 | Hell     | Killed Geryon
 60615 | Hell     | Found a gateway to the decaying netherworld of Tartarus.
 60797 | Hell     | Found a gateway to the Iron City of Dis.
 60835 | Hell     | Found a gateway to the freezing wastes of Cocytus.
 60952 | Hell     | Found a gateway to the ashen valley of Gehenna.
 61278 | Zot:5    | Got the Orb of Zot
 61302 | Zot:5    | Noticed a seraph
 61310 | Zot:5    | Killed a seraph
 61766 | D:9      | Noticed Hiemn the pandemonium lord
 61784 | D:9      | Killed Hiemn the pandemonium lord
 61858 | D:4      | Gained mutation: You are clumsy. (Dex -2) [a neqoxec]
 61994 | D:5      | Identified the scarf of Ron Veott {harm, Will+ rCorr}
                  | (Okawaru gifted it to you on level 5 of the Dungeon)
 61994 | D:5      | Received a gift from Okawaru
 62002 | D:5      | Noticed Jaykhoo the pandemonium lord
 62014 | D:5      | Killed Jaykhoo the pandemonium lord
 62182 | D:$      | Escaped with the Orb!

Illustrated notes

Levels and vault maps discovered:
D:1:      ncdulo_watergridlock, layout_loops_ring, ebering_ecumenical_altar_mist
D:2:      layout_basic, chequers_serial_rivers_small_b
D:3:      layout_loops_ring, makhleb_altar_promises_db, minitemple
D:4:      layout_basic, mainiacjoe_overflow_six_doors_small,
          minmay_temple_entry_offerings, enter_ossuary_4, uniq_natasha,
          uniq_duvessa, uniq_ijyb
D:5:      layout_loops_ring, lemuel_crystal_altar,
          nicolae_hepliaklqana_hippocampus, corexii_shack,
          kennysheep_generic_room_2, uniq_prince_ribbit1
D:6:      layout_basic, portal_sewer_entry_e
D:7:      minmay_the_grid_triangle_9x9_rhombus_thin
          [minmay_the_grid_triangle_9x9_thin_v,
          minmay_the_grid_triangle_9x9_prize_center,
          minmay_the_grid_triangle_9x9_odd_lines,
          minmay_the_grid_triangle_9x9_sprig], layout_rooms, serial_rivers,
          chequers_serial_rivers_marsh, chequers_serial_rivers_micro_d,
          chequers_serial_rivers_micro_c, chequers_serial_rivers_large_b,
          chequers_serial_rivers_small_b, chequers_serial_rivers_large_a,
          lightli_church_of_beogh
D:8:      layout_cave_pools, fedhas_altar_1, nrook_pool_corridor,
          minmay_misc_feat_nine_boxes, nicolae_zen_rock_garden,
          hangedman_abyss_or_decor_passed, st_stairs_12, uniq_erica
D:9:      minmay_slanted_spiral_squares, layout_basic, kennysheep_generic_room_6
D:10:     layout_basic, mainiacjoe_overflow_cross_hatched,
          jmf_multi_god_temple2, uniq_josephine
D:11:     layout_grid_maze, erik_lair_orcish_takeover
D:12:     nicolae_cairo_tiling_large, layout_irregular_city,
          nicolae_trove_entry_crystal
D:13:     layout_roguey, david_vaults_4, serial_shops, shop, minivault_26,
          kiku_gazebo_pond_becter
D:14:     layout_irregular_city, ploomutoo_gammafunk_ghost_potion_laboratory,
          portal_ice_cave_entry_pillars_four, minmay_misc_feat_encased,
          uniq_louise
D:15:     grunt_enter_depths_magical_seal, layout_loops_ring,
          nicolae_sif_muna_condensation, nrook_guardian_serpent_double
Temple:   minmay_temple_curvy_loop
Lair:1:   layout_long_grid, st_stairs_7, uniq_fannar
Lair:2:   layout_long_grid, hellmonk_spider_entry_not_the_bees,
          gammafunk_ghost_hive, lemuel_fruit_fields
Lair:3:   layout_roguey, minmay_shoals_entry_beasts, cheibrodos_lair_lostbears,
          grunt_megastairs_4, uniq_kirke
Lair:4:   minmay_lair_venomous_thicket, layout_misc_corridors,
          minmay_slime_entry_pillars, minmay_shattered_shrine, uniq_snorg
Lair:5:   hellmonk_lair_end_abyssal_woods, layout_hall_layers, serial_rivers,
          chequers_serial_rivers_micro_d, chequers_serial_rivers_micro_e,
          chequers_serial_rivers_micro_d, chequers_serial_rivers_micro_c,
          nzn_masters_of_martial_movement
Shoals:1: layout_shoals, serial_shops, shop
Shoals:2: layout_shoals, nicolae_shoals_this_corrosion
Shoals:3: layout_shoals, serial_shops, shop, uniq_nikola, uniq_mlioglotl,
          uniq_mara, uniq_ilsuiw
Shoals:4: shoals_end_hellmonk_storm_palace [storm_palace_center_ruins,
          storm_palace_corner_narrow, storm_palace_corner_blocked,
          storm_palace_corner_grid, storm_palace_corner_altar]
Spider:1: layout_spider_delve
Spider:2: lemuel_spider_zombies
Spider:3: layout_spider_delve
Spider:4: spider_rune_water
Slime:1:  cheibrodos_slime_lost_civilization_9, layout_caves,
          nicolae_slime_getting_an_eyeful
Slime:2:  layout_caves
Slime:3:  layout_caves, nicolae_slime_welcoming_committee
Slime:4:  layout_caves, basic_altar
Slime:5
Orc:1:    layout_diamond_mine, basic_altar, serial_shops,
          nicolae_shop_tiny_glass, uniq_erolcha, uniq_jorgrun
Orc:2:    st_orc_open, layout_caves, basic_altar
Elf:1:    kennysheep_spiral_hall, layout_gridlike, hangedman_elf_disciples,
          uniq_roxanne
Elf:2:    elven_hall_of_blades_hangedman_original
          [nicolae_blade_entry_hurt_lockers], layout_geoelf_diagonals,
          serial_shops, shop, grunt_megastairs_3, uniq_asterion
Elf:3:    elf_hall, layout_geoelf_diagonals, serial_shops, nicolae_square_shop,
          minivault_27, minivault_28
Vaults:1: nicolae_vaults_diagonal_hallway_8, nicolae_vaults_disjoint_gnomons,
          vaults_mumra_hexcomb, vaults_dpeg_spiral, v_misc_1,
          grunt_vaults_hallway_short, v_misc_2, nicolae_vaults_trapezoid_3,
          grunt_vaults_hallway_long, nicolae_vaults_antechamber_and_loot_room,
          nicolae_vaults_diamond_1, layout_vaults_ring
Vaults:2: ontoclasm_vaults_gateway, gammafunk_its_a_trap,
          nicolae_vaults_tangram_1, hangedman_vaults_maws,
          ontoclasm_vaults_spin, nicolae_vaults_closet_pinwheel_1,
          nicolae_vaults_weapon_check, vaults_room_grunt_arrival_ludios,
          layout_vaults_omnigrid
Vaults:3: nicolae_vaults_inception_corners, nicolae_vaults_ellipses_ellipsis,
          nicolae_vaults_wine_cellar, hangedman_vaults_capsules, v_pattern_4,
          minmay_crypt_entry_skeletal_spiral, nicolae_vaults_more_shelving_2,
          nicolae_vaults_diamond_2, vaults_dpeg_emergency_exit,
          layout_vaults_maze_snakey, serial_shops, nicolae_shop_stone
Vaults:4: ontoclasm_vaults_ring_small, ontoclasm_vaults_pinch,
          nicolae_vaults_cochlea, nicolae_vaults_little_squares_5,
          nicolae_vaults_angled_halls, grunt_vaults_swirl,
          hangedman_vaults_corner_blocks, vaults_room_fours, v_rooms_5,
          nicolae_vaults_big_angled_halls, layout_vaults_omnibox,
          uniq_saint_roka
Vaults:5
Crypt:1:  layout_gridlike
Crypt:2:  gammafunk_sealed_arena, layout_regular_city, nicolae_crypt_stairs_room
Crypt:3:  david_glass_crypt, layout_chaotic_city, serial_glass, glass_columns_b,
          glass_columns_a, st_stairs_5, uniq_bai_suzhen
Depths:1: kennysheep_blocky_room, layout_honeycomb, enter_ziggurat_f,
          hell_entry, abyss_entry, minmay_microvault
Depths:2: kennysheep_ogre_elephant_herders, layout_gridlike,
          nicolae_wu_jian_wuxing_cycle, hell_entry, pan_entry
Depths:3: hangedman_crystal_crosses_colossus [crystal_crosses_arms_four,
          crystal_crosses_arms_four, crystal_crosses_arms_two,
          crystal_crosses_arms_one], serial_shops, abyss_entry, hell_entry
Depths:4: grunt_twist_and_shout, layout_gridlike, nicolae_ashenzari_panopticon,
          pf_dread_powers_of_hell, pandoras_box_mu, uniq_jory
Hell
Zot:1:    layout_concentric_octagons, zot_minivault_1
Zot:2:    layout_basic, st_single_dragon_hoard_3
Zot:3:    hangedman_snap_crack_crunch, layout_onion_interference,
          serial_nicolae_subway, nicolae_sub_station_stone,
          nicolae_sub_station_crystal, nicolae_sub_station_metal
Zot:4:    layout_onion_interference, nrook_zot_tub, grunt_megastairs_5
Zot:5:    layout_gridlike, skrybe_zot_glass_2

Skill      XL: |  1  2  3  4  5  6  7  8  9 10 11 12 13 14 15 16 17 18 19 20 21 22 23 24 25 26 27 |
---------------+----------------------------------------------------------------------------------+-----
Dodging        | 1 2 3 4 5 6 8 9 10 12 13 14 15 16 17 18 19 20 21 22 23 27 | 27.0
Shields        | 4 5 6 7 8 9 11 12 13 14 16 17 18 19 20 21 22 23 24 25 26 27 | 27.0
Fighting       | 4 5 6 7 8 9 11 12 13 14 16 17 18 19 20 21 22 23 24 25 27 | 27.0
Axes           | 3 4 5 6 8 9 10 12 13 14 15 16 18 19 20 21 22 23 24 25 26 27 | 27.0
Armour         | 4 5 6 7 8 9 11 12 13 14 16 17 18 19 20 21 22 23 24 25 26 27 | 27.0
Invocations    | 6 |  6.0
Spellcasting   | 12 | 12.4

Action                     |  1- 3 |  4- 6 |  7- 9 | 10-12 | 13-15 | 16-18 | 19-21 | 22-24 | 25-27 || total
---------------------------+-------+-------+-------+-------+-------+-------+-------+-------+-------++-------
  Melee: War axe           |    56 |    98 |   184 |   279 |   637 |   968 |  1073 |  1126 |  1244 ||  5665
         Headbutt          |     6 |    10 |    30 |    64 |   180 |   279 |   330 |   437 |   471 ||  1807
         Broad axe         |       |       |       |       |       |       |       |       |    69 ||    69
 Invoke: Heroism           |       |       |       |     2 |     2 |     6 |     3 |     7 |    11 ||    31
  Evoke: Wand              |       |       |     4 |       |       |     5 |     3 |     5 |     3 ||    20
         Condenser vane    |       |       |       |       |       |     1 |     2 |       |       ||     3
    Use: Scroll            |     6 |     6 |    11 |     9 |     6 |     8 |    12 |    12 |     7 ||    77
         Potion            |       |       |     2 |     2 |     5 |     3 |     2 |     9 |    24 ||    47
   Stab: Distracted        |       |       |       |     3 |    15 |    19 |    25 |    19 |    29 ||   110
         Confused          |       |       |       |       |       |       |     1 |       |       ||     1
 Armour: Scale mail        |     3 |       |       |       |       |       |       |       |       ||     3
         Chain mail        |    21 |    31 |    75 |     1 |       |       |       |       |       ||   128
         Plate armour      |       |       |       |   171 |   306 |   353 |   251 |   346 |   376 ||  1803
  Dodge: Dodged            |    15 |    28 |    65 |    84 |   166 |   375 |   305 |   377 |   484 ||  1899
         Repelled          |       |     1 |     3 |     1 |       |       |       |       |       ||     5
  Block: Buckler           |    12 |    23 |    53 |    30 |       |       |       |       |       ||   118
         Kite shield       |       |       |       |    66 |   306 |   702 |   634 |   721 |   970 ||  3399

Table legend: (Time is in decaauts)
 A = Elapsed time spent in this place.
 B = Non-inter-level travel time spent in this place.
 C = Inter-level travel time spent in this place.
 D = Time resting spent in this place.
 E = Time spent auto-exploring this place.
 F = Levels seen in this place.
 G = Mean time per level.
                   A        B        C        D        E       F      G
               +--------+--------+--------+--------+--------+-----+--------+
         Total |  61321 |  54689 |   6632 |   2788 |  38123 |  76 |  806.9 |
       Dungeon |  15951 |  13429 |   2522 |     73 |  10819 |  15 | 1063.4 |
        Temple |     81 |     52 |     29 |      0 |     44 |   1 |   81.0 |
          Lair |   5376 |   4723 |    653 |      0 |   3926 |   5 | 1075.2 |
        Shoals |   3753 |   3549 |    204 |    181 |   2286 |   4 |  938.2 |
   Spider Nest |   4635 |   4328 |    307 |    476 |   3039 |   4 | 1158.8 |
    Slime Pits |    511 |    478 |     33 |     48 |      0 |   5 |  102.2 |
  Orcish Mines |   1410 |   1104 |    306 |      0 |    900 |   2 |  705.0 |
   Elven Halls |   3273 |   3018 |    255 |    298 |   1915 |   3 | 1091.0 |
        Vaults |   6290 |   5851 |    439 |    210 |   4147 |   5 | 1258.0 |
         Crypt |   2514 |   2330 |    184 |      7 |   1658 |   3 |  838.0 |
        Depths |   4780 |   4029 |    751 |     40 |   3063 |   4 | 1195.0 |
          Hell |    700 |    691 |      9 |      0 |    427 |   1 |  700.0 |
           Zot |   6899 |   5964 |    935 |    710 |   3996 |   5 | 1379.8 |
         Abyss |   2386 |   2386 |      0 |      0 |    952 |   3 |  795.3 |
      Ziggurat |    830 |    830 |      0 |    273 |     61 |  12 |   69.2 |
         Trove |     41 |     41 |      0 |      0 |      0 |   1 |   41.0 |
         Sewer |    404 |    404 |      0 |      0 |    272 |   1 |  404.0 |
       Ossuary |    367 |    367 |      0 |      0 |    205 |   1 |  367.0 |
      Ice Cave |   1110 |   1110 |      0 |    470 |    412 |   1 | 1110.0 |
               +--------+--------+--------+--------+--------+-----+--------+

Top non-repeatable levels by time:
   Zot:1: 1979 daAuts
 Abyss:3: 1820 daAuts
Vaults:5: 1805 daAuts
Spider:4: 1745 daAuts
   Elf:3: 1568 daAuts
    D:11: 1517 daAuts
   Zot:5: 1434 daAuts
Vaults:2: 1427 daAuts
Spider:2: 1420 daAuts
Depths:4: 1417 daAuts
    D:12: 1350 daAuts
     D:9: 1335 daAuts
     D:7: 1322 daAuts
Depths:3: 1277 daAuts
    D:14: 1277 daAuts
